 Dungeon Crawl Stone Soup version 0.20-a0-492-g6327889 (webtiles) character file.

79 Asddderdsw the Magician (level 4, -5/34 HPs)
             Began as a Draconian Wanderer on Jan 15, 2017.
             Slain by a worker ant (7 damage)
             ... on level 2 of the Dungeon.
             The game lasted 00:15:48 (2020 turns).

Asddderdsw the Magician (Draconian Wanderer)        Turns: 2020, Time: 00:15:48

Health: -5/34      AC:  5    Str: 14    XL:     4   Next: 17%
Magic:  9/9        EV: 11    Int: 16    God:
Gold:   50         SH:  3    Dex:  8    Spells: 9/10 levels left

rFire    . . .     SeeInvis +   a - +2 mace
rCold    + . .     Gourm    .   (armour unavailable)
rNeg     . . .     Faith    .   h - +0 buckler
rPois    .         Spirit   .   (helmet restricted)
rElec    .         Reflect  .   (no cloak)
rCorr    .         Harm     .   (no gloves)
MR       .....                  (no boots)
Stlth    +.........             (no amulet)
Regen    0.1/turn               (no ring)
                                (no ring)

@: lethally poisoned (-5 -> -15)
A: unfitting armour, see invisible, cold resistance 1, mutation resistance 1,
cold-blooded, AC +5
a: no special abilities


You were on level 2 of the Dungeon.
You were hungry.

You visited 1 branch of the dungeon, and saw 2 of its levels.

You collected 50 gold pieces.

Inventory:

Hand Weapons
 a - a +2 mace (weapon)
 r - a +0 trident
 t - a +2 dagger of pain
Missiles
 g - 13 stones (quivered)
Armour
 h - a +0 buckler (worn)
Jewellery
 e - an uncursed ring of magical power {unknown}
Scrolls
 f - 3 scrolls of teleportation {unknown}
 n - 2 scrolls of magic mapping {unknown}
 q - a scroll of remove curse
Books
 b - the Disquisition on Envenoming

   Spells                             Type                      Level
   a - Sting                          Conjuration/Poison           1
   b - Mephitic Cloud                 Conjuration/Poison/Air       3
 c - Vehumet's Reference Book on Attacks

   Spells                             Type                      Level
   a - Sting                          Conjuration/Poison           1
   b - Dazzling Spray                 Conjuration/Hexes            3
Comestibles
 d - a bread ration
 j - 4 fruits
 m - a beef jerky
 s - 6 chunks of flesh


   Skills:
 + Level 0.7 Fighting
 + Level 3.6 Maces & Flails
 + Level 1.0 Dodging
 + Level 0.6 Stealth
 + Level 1.3 Shields
 + Level 3.6 Spellcasting
 + Level 0.2 Conjurations
   Level 2.0 Fire Magic
 + Level 0.4 Poison Magic
   Level 1.0 Evocations


You had 9 spell levels left.
You knew the following spells:

 Your Spells              Type           Power        Failure   Level  Hunger
a - Sting                 Conj/Pois      #...         24%         1    None


Dungeon Overview and Level Annotations

Branches:
Dungeon (2/15)

Altars:


Innate Abilities, Weirdness & Mutations

Your plain brown scales are hard. (AC +5)
You cannot fit into any form of body armour.
You are cold-blooded and may be slowed by cold attacks.
You have supernaturally acute eyesight. (SInv)
Your flesh is cold resistant. (rC+)
You are somewhat resistant to further mutation.


Message History

The worker ant bites you.
* * * LOW HITPOINT WARNING * * *
The worm closely misses you. The worker ant bites you.
* * * LOW HITPOINT WARNING * * *
You are lethally poisoned!
The worker ant poisons you!
As you read the scroll labeled SUPIRAEFEWK, it crumbles to dust.
You feel blessed for a moment.
It was a scroll of remove curse.
* * * LOW HITPOINT WARNING * * *
You feel sick. The worker ant bites you.
* * * LOW HITPOINT WARNING * * *
You are more poisoned.
The worker ant poisons you!
As you read the scroll labeled BYUG HAD NU USAU, it crumbles to dust.
The creatures around you are filled with an inner flame!
It was a scroll of immolation.
* * * LOW HITPOINT WARNING * * *
You feel sick. The worker ant bites you!
You die...

#.#
#.#
#.#
##.#
#...
#..#
#..#
#.@#
#.a#
#.w#
#..#
#..#
#..#
..
#..#
....##
#..# #
.
......
#..#.#
.. .#
.....


You could see a worm (inner flame) and a worker ant (inner flame).

Vanquished Creatures
  Jessica (D:2)
  An adder (D:2)
  A worm (D:2)
  4 bats
  3 giant cockroaches
  6 goblins
  4 hobgoblins
  5 jackals (D:1)
  5 kobolds
  A quokka (D:2)
  A ball python (D:1)
  2 frilled lizards
  2 rats
36 creatures vanquished.

Notes
Turn   | Place    | Note
-------+----------+-------------------------------------------
     0 | D:1      | Asddderdsw the Draconian Wanderer began the quest for the Orb.
     0 | D:1      | Asddderdsw set off with: a +2 mace, the Disquisition on Envenoming, Vehumet's Reference Book on Attacks, a bread ration
     0 | D:1      | Reached XP level 1. HP: 14/14 MP: 4/4
     0 | D:1      | Identified the Disquisition on Envenoming
     0 | D:1      | Identified Vehumet's Reference Book on Attacks
     2 | D:1      | Learned a level 1 spell: Sting
   301 | D:1      | Reached XP level 2. HP: 20/20 MP: 6/6
  1133 | D:2      | Reached XP level 3. HP: 27/27 MP: 7/7
  1869 | D:2      | Noticed Jessica
  1882 | D:2      | Killed Jessica
  1882 | D:2      | Reached XP level 4. HP: 25/34 MP: 7/9
  1973 | D:2      | Gained mutation: You have supernaturally acute eyesight. (SInv) [potion of mutation]
  1973 | D:2      | Gained mutation: Your flesh is cold resistant. (rC+) [potion of mutation]
  1973 | D:2      | Gained mutation: You are somewhat resistant to further mutation. [potion of mutation]
  1995 | D:2      | Reached skill level 1 in Dodging
  2020 | D:2      | Slain by a worker ant

Vault maps used:
D:1:      lemuel_arrival_lava_pool
D:2:      minmay_fountain_box, uniq_jessica

Skill      XL: |  1  2  3  4 |
---------------+-------------+-----
Dodging        | 1 |  1.0
Fighting       | |  0.7
Maces & Flails | |  3.6
Stealth        | |  0.6
Shields        | |  1.3
Spellcasting   | |  3.6
Conjurations   | |  0.2
Fire Magic     | |  2.0
Poison Magic   | |  0.4
Evocations     | |  1.0

Action                   |  1- 3 |  4- 6 || total
-------------------------+-------+-------++-------
Melee: Mace              |    99 |    10 ||   109
       Tailslap          |     6 |     1 ||     7
       Dagger            |       |    21 ||    21
 Cast: Sting             |    10 |     1 ||    11
  Use: Potion            |       |     6 ||     6
       Scroll            |       |     2 ||     2
  Eat: Chunk             |     3 |       ||     3
Armor: Skin              |    58 |    26 ||    84
Dodge: Dodged            |    90 |    44 ||   134
Block: Buckler           |    18 |     8 ||    26
